 Dungeon Crawl Stone Soup version 0.28.0 (webtiles) character file.

Game seed: 15468035051922373015

48 SnakkuSnakku7 the Slasher (level 3, -1/29 HPs)
             Began as a Barachi Abyssal Knight on Feb 8, 2022.
             Was a Follower of Lugonu.
             Succumbed to a water moccasin's poison
             ... in a sewer.
             The game lasted 00:02:17 (1176 turns).

SnakkuSnakku7 the Slasher (Barachi Abyssal Knight)  Turns: 1176, Time: 00:02:17

Health: -1/29      AC:  5    Str: 16    XL:     3   Next: 72%
Magic:  5/5        EV: 14    Int: 10    God:    Lugonu [*.....]
Gold:   119        SH:  0    Dex: 12    Spells: 2/2 levels left

rFire   . . .      SeeInvis .   a - +1 falchion
rCold   . . .      Faith    .   (no shield)
rNeg    . . .      Spirit   .   e - +0 ring mail {rPois}
rPois   +          Reflect  .   (no helmet)
rElec   .          Harm     .   (no cloak)
rCorr   .          Rampage  .   (no gloves)
Will    .....                   (no boots)
Stlth   +.........              m - amulet of the acrobat
HPRegen 0.09/turn               h - +4 ring of evasion
MPRegen 0.09/turn               (no ring)

@: lethally poisoned (-1 -> -16), flying, slow
A: amphibious, slowness 1, strong legs 1, +LOS
a: Hop, Renounce Religion, Depart the Abyss


You were in a sewer.
You worshipped Lugonu.
Lugonu was aware of your devotion.
You visited 1 branch of the dungeon, and saw 3 of its levels.
You visited the Abyss 1 time.
You also visited: Sewer.

You collected 119 gold pieces.

Inventory:

Hand Weapons
 a - a +1 falchion (weapon)
Armour
 b - a +0 leather armour
 e - a +0 ring mail of poison resistance (worn)
Jewellery
 h - a +4 ring of evasion (left hand)
 m - an amulet of the acrobat (around neck)
Scrolls
 d - a scroll of identify {unknown}
 i - a scroll of magic mapping
 k - 2 scrolls of fear {unknown}
 l - a scroll of noise {unknown}
 n - a scroll of enchant armour {unknown}


   Skills:
 - Level 3.6 Fighting
 + Level 3.8 Long Blades
 - Level 2.4 Armour
 - Level 1.1 Dodging
 + Level 2.7 Invocations


You had 2 spell levels left.
You didn't know any spells.
Your spell library was empty.

Dungeon Overview and Level Annotations

Branches:
Dungeon (3/15)              Sewer (1/1)

Altars:

Annotations:
D:2 Sigmund


Innate Abilities, Weirdness & Mutations

You are amphibious.
You cover ground slowly.
You can hop short distances.
You have an extended range of vision and can be seen from far away.


Message History

Found a scroll labelled ZYKUOT GU CAO and an emerald potion.
n - a scroll labelled ZYKUOT GU CAO
o - an emerald potion You start resting.
HP restored.
A water moccasin comes into view.
Found a falchion and a silver ring.
The water moccasin hisses angrily.
It was a potion of curing.
You feel better.
It was a potion of haste.
You feel yourself speed up.
The water moccasin completely misses you.
You closely miss the water moccasin. The water moccasin bites you.
You are poisoned.
The water moccasin poisons you!
It was a potion of brilliance.
You feel clever all of a sudden.
You feel very sick. The water moccasin bites you.
You are lethally poisoned!
The water moccasin poisons you!
It was a potion of cancellation.
Your magical effects are unravelling.
You feel magically purged.
You feel yourself slow down.
You feel a little less clever now.
You feel very sick. The water moccasin closely misses you.
It was a potion of flight.
You feel very buoyant.
You fly up into the air.
You feel very sick. The water moccasin bites you.
* * * LOW HITPOINT WARNING * * *
You hit the water moccasin.
The water moccasin is lightly wounded.
* * * LOW HITPOINT WARNING * * *
You feel very sick. The water moccasin misses you.
The water moccasin barely misses you.
You hit the water moccasin.
The water moccasin is moderately wounded.
You die...

# # ######## #
###......### ##
###........≈.###
#.
#..S@.####≈≈≈..###
#. #≈...≈###
###≈≈.≈.###.
#.≈...≈#
##..≈..... ###≈.≈≈
#≈≈...###. )≈##.
#.≈...### #. #= ##
≈..≈.### #. #
....## ## ##### #
#


You could see a water moccasin.

Vanquished Creatures
  An adder (D:2)
  A river rat (D:3)
  A worm (D:3)
  A dart slug (D:1)
  An orc (D:3)
  An endoplasm (D:1)
  2 giant cockroaches (D:1)
  A goblin (D:1)
  2 hobgoblins (D:1)
  2 jackals (Sewer)
  A quokka (D:1)
  3 ball pythons
  2 bats
  7 rats
26 creatures vanquished.

Notes
Turn   | Place    | Note
-------+----------+-------------------------------------------
     0 | Abyss:1  | SnakkuSnakku7 the Barachi Abyssal Knight began the quest
                  | for the Orb.
     0 | Abyss:1  | Reached XP level 1. HP: 18/18 MP: 2/2
     4 | D:1      | Escaped the Abyss
    63 | D:1      | Reached * piety under Lugonu
   157 | D:1      | Reached XP level 2. HP: 24/24 MP: 3/3
   442 | D:1      | Found a faded altar of an unknown god.
   687 | D:2      | Reached XP level 3. HP: 29/29 MP: 4/4
   749 | D:2      | Noticed Sigmund
   804 | D:3      | Found a glowing drain.
  1069 | Sewer    | Entered a sewer
  1167 | Sewer    | Noticed a water moccasin
  1176 | Sewer    | Succumbed to a water moccasin's poison

Illustrated notes

Levels and vault maps discovered:
D:1:      onia_arrival_pentagram, layout_basic, ebering_ecumenical_altar_webs
D:2:      minmay_wonky_spiral, layout_rooms, basic_altar, uniq_sigmund
D:3:      layout_basic, mainiacjoe_overflow_tiny_flanked,
          mainiacjoe_overflow_chevrons, cheibrodos_sewer_entry_sluice,
          grunt_decor_fettered
Sewer:    sewer_the_moccasin

Skill      XL: |  1  2 |
---------------+-------+-----
Invocations    | 2 |  2.7
Long Blades    | 3 |  3.8
Fighting       | |  3.6
Armour         | |  2.4
Dodging        | |  1.1

Action                   || total
-------------------------++-------
Melee: Falchion          ||    87
       Punch             ||     1
Invok: Depart the Abyss  ||     1
 Abil: Hop               ||     1
  Use: Potion            ||     5
       Scroll            ||     1
Armor: Leather armour    ||     3
       Ring mail         ||    18
Dodge: Dodged            ||    61
